 Dungeon Crawl Stone Soup version 0.23.2-30-g0e89c35649 (webtiles) character file.

Game seed: 14876359198400171520

536 myga the Shield-Bearer (level 7, -2/54 HPs)
             Began as a Formicid Fighter on June 8, 2019.
             Was an Initiate of Okawaru.
             Slain by a scorpion (4 damage)
             ... on level 5 of the Dungeon on June 9, 2019.
             The game lasted 00:12:51 (4075 turns).

myga the Shield-Bearer (Formicid Fighter)           Turns: 4075, Time: 00:12:52

Health: -2/54      AC:  7    Str: 20    XL:     7   Next: 50%
Magic:  7/7        EV: 14    Int:  8    God:    Okawaru [......]
Gold:   139        SH: 11    Dex: 17    Spells: 6/6 levels left

rFire    . . .     SeeInvis +   a - +1 long sword
rCold    + . .     Gourm    .   c - +0 shield
rNeg     . . .     Faith    .   b - +0 scale mail
rPois    .         Spirit   .   (helmet unavailable)
rElec    .         Reflect  .   (no cloak)
rCorr    .         Harm     .   (no gloves)
MR       .....                  (no boots)
Stlth    +.........             (no amulet)
HPRegen  0.18/turn              s - ring of protection from cold
MPRegen  0.10/turn              (no ring)

@: agile, lethally poisoned (-2 -> -7)
A: permanent stasis, dig shafts and tunnels, four strong arms, antennae 3
a: Dig, Shaft Self, Renounce Religion


You were on level 5 of the Dungeon.
You worshipped Okawaru.
Okawaru was noncommittal.
You were near starving.

You visited 2 branches of the dungeon, and saw 6 of its levels.

You collected 139 gold pieces.

Inventory:

Hand Weapons
 a - a +1 long sword (weapon)
Missiles
 i - 161 stones (quivered)
 k - a throwing net
 r - 5 javelins
Armour
 b - a +0 scale mail (worn)
 c - a +0 shield (worn)
 v - a +2 large shield
Jewellery
 s - a ring of protection from cold (left hand)
Scrolls
 e - 3 scrolls of enchant weapon
 g - a scroll of enchant armour
 h - a scroll of random uselessness {unknown}
 j - 2 scrolls of magic mapping {unknown}
 m - a scroll of fear {unknown}
 o - a scroll of amnesia {unknown}
 q - a scroll of remove curse
 w - a scroll of fog
Potions
 d - 2 potions of might
 l - a potion of flight
 n - a potion of curing
 p - a potion of heal wounds
 u - a potion of ambrosia
 z - a potion of invisibility
Comestibles
 f - 7 rations


   Skills:
 + Level 4.2 Fighting
 + Level 4.2 Long Blades
 + Level 0.7 Throwing
 + Level 5.3 Armour
 + Level 1.1 Dodging
 + Level 0.3 Stealth
 + Level 6.0 Shields


You had 6 spell levels left.
You didn't know any spells.
Your spell library was empty.

Dungeon Overview and Level Annotations

Branches:
Dungeon (5/15)             Temple (1/1) D:4

Altars:
Ashenzari
Cheibriados
Dithmenos
Elyvilon
Fedhas
Gozag
Kikubaaqudgha
Makhleb
Nemelex Xobeh
Okawaru
Qazlal
Ru
Sif Muna
Trog
Uskayaw
Vehumet
Wu Jian
Xom
The Shining One


Innate Abilities, Weirdness & Mutations

You cannot be hasted, slowed, berserked, paralysed or teleported.
You can dig through walls and to a lower floor.
Your four strong arms can wield two-handed weapons with a shield.
You have a pair of large antennae on your head. (SInv)


Message History

The scorpion is severely wounded.
You feel sick. The scorpion stings you.
* * * LOW HITPOINT WARNING * * *
The scorpion closely misses you.
You closely miss the scorpion.
The scorpion is severely wounded.
You feel sick. The scorpion stings you.
* * * LOW HITPOINT WARNING * * *
You hit the scorpion.
The scorpion is almost dead.
You feel sick. You block the scorpion's attack.
You barely miss the scorpion.
The scorpion is almost dead.
You feel sick. The scorpion stings you!
* * * LOW HITPOINT WARNING * * *
You barely miss the scorpion.
The scorpion is almost dead.
* * * LOW HITPOINT WARNING * * *
You feel sick. The scorpion stings you.
You die...

#.# {#.###
#...# {{
####.#.# .
#......# .^
#......#
{.#####.#.#
^..##.#.# .
#..#.#@#
....##.#†#s#
#.........#
#.#########


You could see a scorpion.

Vanquished Creatures
  A water moccasin (D:5)
  2 scorpions
  A hound (D:4)
  An orc priest (D:4)
  An orc wizard (D:4)
  Natasha (D:3)
  A worker ant (D:4)
  A hound skeleton (D:4)
  4 gnolls (D:4)
  5 adders
  A shadow imp (D:5)
  An ooze (D:1)
  2 worms
  3 dart slugs
  3 leopard geckos
  8 orcs
  4 bats
  5 giant cockroaches
  7 hobgoblins
  3 jackals (D:3)
  2 quokkas
  A frilled lizard (D:4)
  6 goblins
  8 kobolds
  13 rats
85 creatures vanquished.

Notes
Turn   | Place    | Note
-------+----------+-------------------------------------------
     0 | D:1      | myga the Formicid Fighter began the quest for the Orb.
     0 | D:1      | Reached XP level 1. HP: 18/18 MP: 1/1
   134 | D:1      | Reached XP level 2. HP: 19/24 MP: 2/2
   232 | D:1      | Reached skill level 4 in Shields
   279 | D:1      | Reached XP level 3. HP: 29/29 MP: 3/3
   949 | D:2      | Reached XP level 4. HP: 18/36 MP: 4/4
  1645 | D:3      | Found a bloodstained altar of Trog.
  1646 | D:3      | Found a shattered altar of Ashenzari.
  1647 | D:3      | Found a hide-covered altar of Uskayaw.
  1970 | D:3      | Reached XP level 5. HP: 42/42 MP: 5/5
  2143 | D:3      | Noticed Natasha
  2146 | D:3      | Found an ancient bone altar of Kikubaaqudgha.
  2155 | D:3      | Killed Natasha
  2681 | D:4      | Reached XP level 6. HP: 40/48 MP: 6/6
  2688 | D:4      | Reached skill level 5 in Shields
  2705 | D:4      | HP: 1/48 [gnoll/+0 spear (7)]
  3054 | D:4      | Reached skill level 5 in Armour
  3108 | D:4      | Found a staircase to the Ecumenical Temple.
  3517 | D:4      | Reached XP level 7. HP: 31/54 MP: 7/7
  3574 | Temple   | Entered the Ecumenical Temple
  3634 | Temple   | Became a worshipper of Warmaster Okawaru
  3758 | D:5      | Entered Level 5 of the Dungeon
  3825 | D:5      | Noticed a water moccasin
  3845 | D:5      | Killed a water moccasin
  3845 | D:5      | Reached skill level 1 in Dodging
  4068 | D:5      | Reached skill level 6 in Shields
  4075 | D:5      | HP: 2/54 [poisoned by a scorpion]
  4075 | D:5      | Slain by a scorpion

Skill      XL: |  1  2  3  4  5  6  7 |
---------------+----------------------+-----
Shields        | 4 5 6 |  6.0
Armour         | 4 5 |  5.3
Fighting       | 4 |  4.2
Long Blades    | 3 4 |  4.2
Dodging        | 1 |  1.1
Throwing       | |  0.7
Stealth        | |  0.3

Action                   |  1- 3 |  4- 6 |  7- 9 || total
-------------------------+-------+-------+-------++-------
Melee: Long sword        |   104 |   171 |    40 ||   315
Throw: Stone             |    11 |    13 |     5 ||    29
       Javelin           |       |     4 |       ||     4
  Use: Scroll            |     1 |     4 |     5 ||    10
       Potion            |       |     2 |     2 ||     4
  Eat: Chunk             |       |     9 |       ||     9
Armor: Scale mail        |    40 |    48 |    15 ||   103
Dodge: Dodged            |    35 |    49 |    17 ||   101
Block: Shield            |    69 |    84 |    21 ||   174
       Rpst.: Long sword |     5 |    15 |     5 ||    25
